PAA
MERCER ISLAND SCREAMING EAGLES @ MARQUETTE MINERS
07/25/2020
 
TOP OF THE 1ST
Mercer Island Screaming Eagles batting - Pitching for Marquette Miners : RHP José Ramírez
Pitching: RHP José Ramírez
Batting: LHB Mike Russell 0-0: Called Strike
0-1: Ball
1-1: Fly out, F4 (Popup, 34)
Batting: RHB Luis Rodríguez 0-0: Ball
1-0: Foul Ball, location: 2F
1-1: SINGLE (Groundball, 34D)
Batting: RHB Luis Antonio Hernández 0-0: Foul Ball, location: 2F
0-1: Ball
1-1: Foul Ball, location: 2F
1-2: Foul Ball, location: 2F
1-2: Ball
2-2: Fly out, F2 (Popup, 23F)
Batting: LHB Nelson Plasenia 0-0: Called Strike
0-1: Ball
1-1: Ball
2-1: Swinging Strike
2-2: Foul Ball, location: 2F
2-2: Foul Ball, location: 2F
2-2: Ball
3-2: Strikes out swinging
Top of the 1st over - 0 run(s), 1 hit(s), 0 error(s), 1 left on base; Mercer Island 0 - Marquette 0
BOTTOM OF THE 1ST
Marquette Miners batting - Pitching for Mercer Island Screaming Eagles : RHP Adrian David
Pitching: RHP Adrian David
Batting: RHB Jesús López 0-0: Foul Ball, location: 2F
0-1: Ball
1-1: Swinging Strike
1-2: Ball
2-2: Ground out 5-3 (Groundball, 56)
Batting: SHB Orlando Deleón 0-0: Swinging Strike
0-1: Foul Ball, location: 2F
0-2: Ball
1-2: Ball
2-2: Ball
3-2: Foul Ball, location: 2F
3-2: Base on Balls
Batting: RHB Kade Knowles 0-0: Ball
Orlando Deleón steals 2nd base
1-0: Ball
2-0: Foul Ball, location: 2F
2-1: Called Strike
2-2: Foul Ball, location: 2F
2-2: Strikes out swinging
Batting: LHB Jorge Flores 0-0: Ball
1-0: Ball
2-0: Fly out, F2 (Popup, 2RF)
Bottom of the 1st over - 0 run(s), 0 hit(s), 0 error(s), 1 left on base; Mercer Island 0 - Marquette 0
TOP OF THE 2ND
Mercer Island Screaming Eagles batting - Pitching for Marquette Miners : RHP José Ramírez
Batting: SHB Ray Davis 0-0: Ball
1-0: Foul Ball, location: 2F
1-1: Ball
2-1: Foul Ball, location: 2F
2-2: Foul Ball, location: 2F
2-2: Foul Ball, location: 2F
2-2: Fly out, F9 (Line Drive, 9M)
Batting: LHB Gustavo Cortéz 0-0: Called Strike
0-1: Foul Ball, location: 2F
0-2: Ball
1-2: Strikes out looking
Batting: RHB P.J. O'Keefe 0-0: Foul Ball, location: 2F
0-1: Ball
1-1: Called Strike
1-2: Strikes out swinging
Top of the 2nd over - 0 run(s), 0 hit(s), 0 error(s), 0 left on base; Mercer Island 0 - Marquette 0
BOTTOM OF THE 2ND
Marquette Miners batting - Pitching for Mercer Island Screaming Eagles : RHP Adrian David
Batting: LHB Ramón Hernández 0-0: Foul Ball, location: 2F
0-1: Ball
1-1: Swinging Strike
1-2: Ground out 5-3 (Groundball, 5)
Batting: RHB Isaac Downey 0-0: Ball
1-0: Ground out U3 (Groundball, 3)
Batting: LHB Joe McElroy 0-0: Ball
1-0: Foul Ball, location: 2F
1-1: Foul Ball, location: 2F
1-2: Strikes out swinging
Bottom of the 2nd over - 0 run(s), 0 hit(s), 0 error(s), 0 left on base; Mercer Island 0 - Marquette 0
TOP OF THE 3RD
Mercer Island Screaming Eagles batting - Pitching for Marquette Miners : RHP José Ramírez
Batting: RHB Luis Jiménez 0-0: Ball
1-0: Ball
2-0: Fly out, F9 (Line Drive, 89M)
Batting: SHB Stephen Yates 0-0: Ball
1-0: Called Strike
1-1: Ball
2-1: Foul Ball, location: 2F
2-2: Foul Ball, location: 2F
2-2: Strikes out looking
Batting: LHB Mike Russell 0-0: Ball
1-0: Ground out 6-3 (Groundball, 6)
Top of the 3rd over - 0 run(s), 0 hit(s), 0 error(s), 0 left on base; Mercer Island 0 - Marquette 0
BOTTOM OF THE 3RD
Marquette Miners batting - Pitching for Mercer Island Screaming Eagles : RHP Adrian David
Batting: RHB Adrian Hale 0-0: Swinging Strike
0-1: Called Strike
0-2: Ball
1-2: Ball
2-2: Strikes out swinging
Batting: RHB Dave Moulin 0-0: Called Strike
0-1: Ball
1-1: SINGLE (Groundball, 34S)
Batting: RHB Jesús López 0-0: Fielders Choice at 2nd, 5-4 (Groundball, 5L)
Batting: SHB Orlando Deleón 0-0: Ball
1-0: Called Strike
Jesús López is caught stealing 2nd base
Bottom of the 3rd over - 0 run(s), 1 hit(s), 0 error(s), 0 left on base; Mercer Island 0 - Marquette 0
TOP OF THE 4TH
Mercer Island Screaming Eagles batting - Pitching for Marquette Miners : RHP José Ramírez
Batting: RHB Luis Rodríguez 0-0: Called Strike
0-1: Ball
1-1: Ground out 4-3 (Groundball, 4)
Batting: RHB Luis Antonio Hernández 0-0: Called Strike
0-1: Ball
1-1: Swinging Strike
1-2: Foul Ball, location: 2F
1-2: Ball
2-2: Fly out, F6 (Popup, 56D)
Batting: LHB Nelson Plasenia 0-0: Foul Ball, location: 2F
0-1: Ground out 4-3 (Groundball, 4)
Top of the 4th over - 0 run(s), 0 hit(s), 0 error(s), 0 left on base; Mercer Island 0 - Marquette 0
BOTTOM OF THE 4TH
Marquette Miners batting - Pitching for Mercer Island Screaming Eagles : RHP Adrian David
Batting: SHB Orlando Deleón 0-0: SINGLE (Groundball, 56D)
Batting: RHB Kade Knowles 0-0: Called Strike
Orlando Deleón steals 2nd base
0-1: Ground out 4-3 (Groundball, 4)
Orlando Deleón to third
Batting: LHB Jorge Flores 0-0: Called Strike
0-1: Ball
1-1: Foul Ball, location: 2F
1-2: Ball
2-2: Fly out, F7 (Flyball, 7S)
Runner from 3rd tags up, SCORES, throw made
Batting: LHB Ramón Hernández 0-0: Called Strike
0-1: Ball
1-1: Ball
2-1: Foul Ball, location: 2F
2-2: Foul Ball, location: 2F
2-2: Ball
3-2: Base on Balls
Batting: RHB Isaac Downey 0-0: Ball
1-0: Ball
2-0: Called Strike
2-1: Ball
3-1: Fly out, F8 (Flyball, 8LM)
Bottom of the 4th over - 1 run(s), 1 hit(s), 0 error(s), 1 left on base; Mercer Island 0 - Marquette 1
TOP OF THE 5TH
Mercer Island Screaming Eagles batting - Pitching for Marquette Miners : RHP José Ramírez
Batting: SHB Ray Davis 0-0: Called Strike
0-1: Foul Ball, location: 2F
0-2: Ball
1-2: Ground out 5-3 (Groundball, 56S)
Batting: LHB Gustavo Cortéz 0-0: Swinging Strike
0-1: SINGLE (Line Drive, 89M)
Batting: RHB P.J. O'Keefe 0-0: Foul Ball, location: 2F
0-1: Ball
1-1: Swinging Strike
1-2: Foul Ball, location: 2F
1-2: Foul Ball, location: 2F
1-2: Ball
2-2: Ball
3-2: Foul Ball, location: 2F
3-2: Base on Balls
Gustavo Cortéz to second
Batting: RHB Luis Jiménez 0-0: Called Strike
0-1: Fly out, F6 (Popup, 6D)
Batting: SHB Stephen Yates 0-0: Ball
1-0: Ball
2-0: Ball
3-0: Base on Balls
Gustavo Cortéz to third
P.J. O'Keefe to second
Batting: LHB Mike Russell 0-0: Ball
1-0: Ball
2-0: Ball
3-0: Base on Balls
Gustavo Cortéz scores
P.J. O'Keefe to third
Stephen Yates to second
Batting: RHB Luis Rodríguez 0-0: Ball
1-0: Foul Ball, location: 2F
1-1: Called Strike
1-2: Strikes out swinging
Top of the 5th over - 1 run(s), 1 hit(s), 0 error(s), 3 left on base; Mercer Island 1 - Marquette 1
BOTTOM OF THE 5TH
Marquette Miners batting - Pitching for Mercer Island Screaming Eagles : RHP Adrian David
Batting: LHB Joe McElroy 0-0: Called Strike
0-1: Ball
1-1: SINGLE (Line Drive, 9LS)
Batting: RHB Adrian Hale 0-0: Sac Bunt - play at first, batter OUT! 1-3
Joe McElroy to second
Batting: RHB Dave Moulin 0-0: Foul Ball, location: 2F
0-1: Foul Ball, location: 2F
0-2: Ball
Wild Pitch!
Joe McElroy to third
1-2: Ball
2-2: Foul Ball, location: 2F
2-2: Foul Ball, location: 2F
2-2: Foul Ball, location: 2F
2-2: Ball
3-2: Strikes out swinging
Batting: RHB Jesús López 0-0: Ball
1-0: Ball
2-0: Called Strike
2-1: Ball
3-1: Called Strike
3-2: Base on Balls
Batting: SHB Orlando Deleón 0-0: Foul Ball, location: 2F
0-1: Ball
1-1: Ball
2-1: Ball
3-1: Fly out, F7 (Flyball, 7M)
Bottom of the 5th over - 0 run(s), 1 hit(s), 0 error(s), 2 left on base; Mercer Island 1 - Marquette 1
TOP OF THE 6TH
Mercer Island Screaming Eagles batting - Pitching for Marquette Miners : RHP José Ramírez
Batting: RHB Luis Antonio Hernández 0-0: Swinging Strike
0-1: Ball
1-1: Ball
2-1: Foul Ball, location: 2F
2-2: Ball
3-2: Foul Ball, location: 2F
3-2: Strikes out looking
Batting: LHB Nelson Plasenia 0-0: SINGLE (Groundball, 34D)
Batting: SHB Ray Davis 0-0: Ball
1-0: Ball
2-0: Fly out, F8 (Flyball, 8LM)
Batting: LHB Gustavo Cortéz 0-0: Ball
1-0: Foul Ball, location: 2F
1-1: Ground out 4-3 (Groundball, 4)
Top of the 6th over - 0 run(s), 1 hit(s), 0 error(s), 1 left on base; Mercer Island 1 - Marquette 1
BOTTOM OF THE 6TH
Marquette Miners batting - Pitching for Mercer Island Screaming Eagles : RHP Adrian David
Batting: RHB Kade Knowles 0-0: Called Strike
0-1: Swinging Strike
0-2: Foul Ball, location: 2F
0-2: Foul Ball, location: 2F
0-2: Foul Ball, location: 2F
0-2: Strikes out swinging
Batting: LHB Jorge Flores 0-0: Ball
1-0: Swinging Strike
1-1: Foul Ball, location: 2F
1-2: Foul Ball, location: 2F
1-2: Strikes out looking
Batting: LHB Ramón Hernández 0-0: Called Strike
0-1: Ball
1-1: Foul Ball, location: 2F
1-2: Foul Ball, location: 2F
1-2: Ball
2-2: Ball
3-2: DOUBLE (Groundball, 5L)
Batting: RHB Isaac Downey 0-0: Ball
1-0: Ball
2-0: Foul Ball, location: 2F
2-1: Swinging Strike
2-2: Foul Ball, location: 2F
2-2: Foul Ball, location: 2F
2-2: Ball
3-2: Foul Ball, location: 2F
3-2: Base on Balls
Pitching: LHP Miguel Mora
Batting: LHB Joe McElroy 0-0: Ball
1-0: Ball
2-0: SINGLE (Line Drive, 7S)
Ramón Hernández to third
Isaac Downey to second
Runner from 3rd tries for Home, SAFE, no throw or cutoff
Batting: RHB Adrian Hale 0-0: Swinging Strike
0-1: Fly out, F9 (Flyball, 9LM)
Bottom of the 6th over - 1 run(s), 2 hit(s), 0 error(s), 2 left on base; Mercer Island 1 - Marquette 2
TOP OF THE 7TH
Mercer Island Screaming Eagles batting - Pitching for Marquette Miners : RHP José Ramírez
Now at 1B: George Dooley
Batting: RHB P.J. O'Keefe 0-0: Called Strike
0-1: Ball
1-1: Ground out 5-3 (Groundball, 5S)
Batting: RHB Luis Jiménez 0-0: Foul Ball, location: 2F
0-1: Fly out, F7 (Flyball, 78M)
Batting: SHB Stephen Yates 0-0: Foul Ball, location: 2F
0-1: Called Strike
0-2: Ground out 1-3 (Groundball, 15S)
Top of the 7th over - 0 run(s), 0 hit(s), 0 error(s), 0 left on base; Mercer Island 1 - Marquette 2
BOTTOM OF THE 7TH
Marquette Miners batting - Pitching for Mercer Island Screaming Eagles : LHP Miguel Mora
Batting: RHB Dave Moulin 0-0: Called Strike
0-1: SOLO HOME RUN (Flyball, 7D) (Inside the Park)
Batting: RHB Jesús López 0-0: Called Strike
0-1: Foul Ball, location: 2F
0-2: Ground out 5-3 (Groundball, 5)
Batting: SHB Orlando Deleón 0-0: Ball
1-0: Called Strike
1-1: Foul Ball, location: 2F
1-2: Foul Ball, location: 2F
1-2: DOUBLE (Groundball, 5L)
Pinch Runner at 2nd Carl Pierce:
Batting: RHB Kade Knowles 0-0: Intentional Walk
Pinch Hitting: RHB Wayne Cameron 0-0: Ball
1-0: Ball
2-0: Ball
3-0: Called Strike
3-1: Base on Balls
Carl Pierce to third
Kade Knowles to second
Batting: LHB Ramón Hernández 0-0: Swinging Strike
0-1: Ball
1-1: Called Strike
1-2: Foul Ball, location: 2F
1-2: Ball
2-2: Ball
3-2: Strikes out swinging
Batting: RHB Isaac Downey 0-0: Ball
1-0: Foul Ball, location: 2F
1-1: Ball
2-1: Called Strike
2-2: SINGLE (Groundball, 56D)
Carl Pierce scores
Kade Knowles to third
Wayne Cameron to second
Runner from 3rd tries for Home, SAFE, no throw or cutoff
Pitching: LHP Ron Barry
Batting: LHB George Dooley 0-0: Ground out 5-3 (Groundball, 56)
Bottom of the 7th over - 3 run(s), 3 hit(s), 0 error(s), 2 left on base; Mercer Island 1 - Marquette 5
TOP OF THE 8TH
Mercer Island Screaming Eagles batting - Pitching for Marquette Miners : RHP José Ramírez
Pitching: RHP Miguel Ruíz
Now in CF: Carl Pierce
Now in RF: Wayne Cameron
Batting: LHB Mike Russell 0-0: Foul Ball, location: 2F
0-1: Ball
1-1: Ball
2-1: Foul Ball, location: 2F
2-2: Ball
3-2: Fly out, F7 (Flyball, 78M)
Batting: RHB Luis Rodríguez 0-0: Foul Ball, location: 2F
0-1: Ball
1-1: Foul Ball, location: 2F
1-2: Foul Ball, location: 2F
1-2: Strikes out swinging
Batting: RHB Luis Antonio Hernández 0-0: Ball
1-0: Called Strike
1-1: Called Strike
1-2: Fly out, F7 (Flyball, 7M)
Top of the 8th over - 0 run(s), 0 hit(s), 0 error(s), 0 left on base; Mercer Island 1 - Marquette 5
BOTTOM OF THE 8TH
Marquette Miners batting - Pitching for Mercer Island Screaming Eagles : LHP Ron Barry
Batting: RHB Adrian Hale 0-0: Ground out 1-3 (Groundball, 23)
Batting: RHB Dave Moulin 0-0: Ball
1-0: Called Strike
1-1: Foul Ball, location: 2F
1-2: Ground out 5-3 (Groundball, 56S)
Batting: RHB Jesús López 0-0: Foul Ball, location: 2F
0-1: Ground out 1-3 (Groundball, 13S)
Bottom of the 8th over - 0 run(s), 0 hit(s), 0 error(s), 0 left on base; Mercer Island 1 - Marquette 5
TOP OF THE 9TH
Mercer Island Screaming Eagles batting - Pitching for Marquette Miners : RHP Miguel Ruíz
Batting: LHB Nelson Plasenia 0-0: Ball
1-0: SINGLE (Groundball, 56D)
Batting: SHB Ray Davis 0-0: Called Strike
0-1: Ball
1-1: Foul Ball, location: 2F
1-2: Strikes out looking
Batting: LHB Gustavo Cortéz 0-0: DOUBLE (Line Drive, 5L)
Nelson Plasenia to third
Pitching: RHP Gabriel Rodríguez
Batting: RHB P.J. O'Keefe 0-0: Ball
1-0: Called Strike
1-1: Ball
2-1: Foul Ball, location: 2F
2-2: Foul Ball, location: 2F
2-2: Foul Ball, location: 2F
2-2: Fly out, F8 (Popup, 8LS)
Batting: RHB Luis Jiménez 0-0: Ball
1-0: Foul Ball, location: 2F
1-1: Called Strike
1-2: Ball
2-2: Strikes out swinging
Top of the 9th over - 0 run(s), 2 hit(s), 0 error(s), 2 left on base; Mercer Island 1 - Marquette 5
This league is powered by Out of the Park Baseball, the baseball management simulation game for PC, Mac and Linux
Friday, October 23rd, 2015 - OOTP Baseball 16.9 Build 39